 Dungeon Crawl Stone Soup version 0.29-a0-802-g34511f41fd (webtiles) character file.

Game seed: 15060399088476555359

13995 purpskrrrp the Unseen (level 12, -4/110 HPs)
             Began as a Naga Brigand on July 3, 2022.
             Was a Priest of Fedhas.
             Killed from afar by a manticore (14 damage)
             ... with a volley of spikes
             ... on level 12 of the Dungeon.
             The game lasted 01:30:45 (17084 turns).

purpskrrrp the Unseen (Naga Brigand)               Turns: 17084, Time: 01:30:45

Health: -4/110     AC: 10    Str: 15    XL:     12   Next: 11%
Magic:  22/22      EV:  9    Int:  8    God:    Fedhas [***...]
Gold:   373        SH:  5    Dex: 17    Spells: 4/11 levels left

rFire   . . .      SeeInvis +   B - +7 trident
rCold   . . .      Faith    .   a - +0 buckler
rNeg    . . .      Spirit   .   p - +2 robe {Will+}
rPois   +          Reflect  .   (helmet restricted)
rElec   .          Harm     .   c - +0 cloak
rCorr   .          Rampage  .   h - +0 pair of gloves
Will    ++++.      Rage     50% (no barding)
Stlth   ++++++....              I - necklace of Bloodlust {*Rage Will++ Int-3 Slay+6}
HPRegen 0.28/turn               q - ring of wizardry
MPRegen 0.18/turn               j - ring of magical power

@: marked, spiked, on berserk cooldown, slowed, very slow
A: AC +4, large, see invisible, deformed body, poison resistance, slowness 2,
spit poison 1, naga tail 1, antennae 1, high MP 1, shaggy fur 1
a: Spit Poison, Renounce Religion, Wall of Briars, Grow Ballistomycete


You were on level 12 of the Dungeon.
You worshipped Fedhas.
Fedhas was most pleased with you.
You visited 2 branches of the dungeon, and saw 13 of its levels.
You also visited: Sewer.

You collected 809 gold pieces.
You spent 436 gold pieces at shops.

Inventory:

Hand Weapons
 n - a +2 dagger of venom
 o - the +2 spear of Netahoim {drain, +Blink rCorr Str-4 Int+3}
   (You found it on level 2 of the Dungeon)

   A truly terrible weapon, it drains the life of any living foe it strikes.
   Str:       It affects your strength (-4).
   Int:       It affects your intelligence (+3).
   +Blink:    It lets you blink.
   rCorr:     It protects you from acid and corrosion.
 B - a +7 trident (weapon)
Missiles
 d - 27 poisoned darts
 e - 3 curare-tipped darts
 i - a throwing net
 H - 8 boomerangs
Armour
 a - a +0 buckler (worn)
 c - a +0 cloak (worn)
 h - a +0 pair of gloves (worn)
 l - a +2 ring mail of cold resistance
 p - a +2 robe of willpower (worn)
Jewellery
 j - a ring of magical power (right hand)
 q - a ring of wizardry (left hand)
 I - the necklace of Bloodlust (around neck) {*Rage Will++ Int-3 Slay+6}
   (You bought it in a shop on level 1 of the Dungeon)

   [amulet of nothing]

   It extends the wearer's berserk rage when killing foes.
   Int:       It affects your intelligence (-3).
   Slay:      It affects your accuracy & damage with ranged weapons and melee
   (+6).
   *Rage:     It berserks you when you make melee attacks (+50% chance).
   Will:      It greatly increases your willpower.
 M - a +6 ring of intelligence
Wands
 b - a wand of light (3)
 u - a wand of charming (19)
 v - a wand of flame (43)
 K - a wand of mindburst (3)
Scrolls
 f - 3 scrolls of noise
 k - 3 scrolls of amnesia
 s - 4 scrolls of immolation
 w - a scroll of brand weapon
 y - 3 scrolls of torment
 C - 2 scrolls of poison
 E - 4 scrolls of teleportation
 F - 2 scrolls of fog
 J - 6 scrolls of identify
 L - 2 scrolls of magic mapping
 O - a scroll of enchant weapon
Potions
 g - 4 potions of flight
 m - 3 potions of haste
 r - 3 potions of attraction
 t - 3 potions of lignification
 x - a potion of resistance
 z - a potion of might
 A - a potion of ambrosia {unknown}
 D - 2 potions of heal wounds
 G - a potion of degeneration {unknown}
 N - a potion of berserk rage
 P - a potion of magic {unknown}


   Skills:
 + Level 7.8 Fighting
 + Level 2.7 Short Blades
 * Level 14.0 Polearms
 + Level 1.7 Throwing
 - Level 0.7 Dodging
 * Level 16.3 Stealth
 + Level 2.4 Shields
 + Level 0.5 Evocations


You had 4 spell levels left.
You knew the following spells:

 Your Spells              Type           Power      Damage    Failure   Level
a - Dragon Form           Tmut           0%         N/A       100%        7

Your spell library contained the following spells:

 Spells                   Type           Power      Damage    Failure   Level
 Sandblast                Erth           0%         2d4       21%         1
 Shock                    Conj/Air       0%         1d3       21%         1
 Passwall                 Tmut/Erth      0%         N/A       32%         2
 Dazzling Flash           Conj/Hex       0%         N/A       52%         3
 Stone Arrow              Conj/Erth      0%         3d7       52%         3
 Swiftness                Air            0%         N/A       52%         3
 Airstrike                Air            0%         0-1+      88%         4
 Cause Fear               Hex            0%         N/A       88%         4
 Iskenderun's Mystic Bla  Conj/Tloc      0%         2d3       88%         4
 Summon Forest            Summ/Tloc      0%         N/A       99%         5
 Summon Mana Viper        Hex/Summ       0%         N/A       99%         5
 Starburst                Conj/Fire      0%         6d3       100%        6
 Summon Cactus Giant      Summ           0%         N/A       100%        6
 Chain Lightning          Conj/Air       0%         N/A       100%        9
 Dragon's Call            Summ           0%         N/A       100%        9
 Fire Storm               Conj/Fire      0%         5d1       100%        9
 Shatter                  Erth           0%         3d5*      100%        9


Dungeon Overview and Level Annotations

Branches:
Dungeon (12/15)            Temple (1/1) D:7            Lair (0/6) D:10
    Orc (0/2) D:12          Sewer (visited)

Altars:
Ashenzari
Cheibriados
Dithmenos
Elyvilon
Fedhas
Gozag
Hepliaklqana
Kikubaaqudgha
Makhleb
Nemelex Xobeh
Okawaru
Qazlal
Ru
Sif Muna
Trog
Uskayaw
Vehumet
Wu Jian
Xom
Yredelemnul
Zin
The Shining One

Shops:
D:1 =!   D:3 [   D:5 !   D:9 *

Annotations:
D:12 1 transporter


Innate Abilities, Weirdness & Mutations

Your serpentine skin is tough. (AC +4)
You have supernaturally acute eyesight. (SInv)
Armour fits poorly on your strangely shaped body.
Your system is resistant to poisons. (rPois)
You cover ground very slowly.
You can spit poison.
You have a snake-like lower body.
You have a pair of small antennae on your head.
You have an increased reservoir of magic. (+10% MP)
You are covered in fur. (AC +1)


Message History

Fedhas appreciates your contribution to the ecosystem.
Found a stone staircase leading up.
The wraith pulls the alarm!
The alarm trap emits a blaring wail!
A sentinel's mark forms upon you.
An orc warrior comes into view. It is wielding a +4 battleaxe.
You block the wraith's attack.
You hit the wraith but do no damage. The wraith hits you!
The wraith drains your vigour!
You feel as though you will be slow longer.
You puncture the wraith!
The wraith is heavily damaged.
The wraith hits you! The wraith drains your vigour!
You feel as though you will be slow longer.
You hit the wraith.
The wraith is heavily damaged.
The wraith barely misses you.
You puncture the wraith!
The wraith is almost destroyed.
The orc warrior barely misses you. The wraith closely misses you.
You puncture the wraith!
You destroy the wraith!
Fedhas accepts your kill.
The orc warrior hits you with a +4 battleaxe!
Your Polearms skill increases to level 14!
The orc warrior hits you with a +4 battleaxe!
A manticore comes into view.
You block the orc warrior's attack.
You hit the orc warrior.
The orc warrior is moderately wounded.
The orc warrior hits you with a +4 battleaxe!!
* * * LOW HITPOINT WARNING * * *
You closely miss the orc warrior.
The orc warrior is moderately wounded.
The orc warrior hits you with a +4 battleaxe.
* * * LOW HITPOINT WARNING * * *
The manticore flicks its tail.
The volley of spikes hits you!
The barbed spikes become lodged in your body.
You die...
Fedhas appreciates your contribution to the ecosystem.

○.....○.#................#
..○○.°..#...............^.
.○[=$...#.................
°.☼E)○{.#...........H.....
#########.................
..(©......†...............
)........†)........)......
..).......)...............
.))......(...(..@.........
..)))...........o.........
..))......................
)##)########'#............
.#..)# #...#....#.......
.#.8)# #.8....###.......
.#..)## ##...#..# ...<..
.##.#'###)#.##.## #...
.##.##..)##.##.#


You could see a manticore and an orc warrior.

Vanquished Creatures
  A hydra (D:12)
  A boulder beetle (D:12)
  3 two-headed ogres
  A deep elf pyromancer (D:12)
  4 cyclopes
  Maurice (D:8)
  Joseph (D:10)
  Psyche (D:8)
  2 trolls
  2 hornets
  2 shadows
  2 wraiths
  2 wyverns
  A steam dragon (D:10)
  7 yaks
  3 vampire mosquitoes (D:11)
  An acid dragon (D:9)
  2 water moccasins (D:7)
  7 orc warriors
  3 black bears
  2 ice beasts (D:6)
  3 sky beasts
  A centaur (D:8)
  2 ogres
  2 kobold brigands
  2 gnoll sergeants
  A bullfrog (D:7)
  A scorpion (D:5)
  13 wights
  6 killer bees (D:9)
  A howler monkey (D:4)
  4 jellies
  8 hounds
  7 orc priests
  A gnoll bouda (D:10)
  An iguana (D:4)
  Jessica (D:2)
  17 orc wizards
  A merfolk siren (Sewer)
  A merfolk avatar (Sewer)
  Robin (D:2)
  10 gnolls
  17 adders
  2 river rats (Sewer)
  A white imp (D:7)
  3 ufetubi (D:5)
  2 worms
  A dart slug (D:4)
  69 orcs
  4 bats
  4 endoplasms
  11 giant cockroaches
  15 goblins
  4 hobgoblins (D:2)
  7 jackals
  15 kobolds
  A quokka (D:1)
  8 ball pythons
  8 frilled lizards
  33 rats
  A spectral kobold (D:8)
339 creatures vanquished.

Vanquished Creatures (collateral kills)
  A phantom (D:4)
  An orc (D:4)
2 creatures vanquished.

Vanquished Creatures (others)
  A jelly (D:4)
  An orc wizard (D:4)
  2 demonic plants (D:2)
  16 plants
20 creatures vanquished.

Grand Total: 361 creatures vanquished

Notes
Turn   | Place    | Note
-------+----------+-------------------------------------------
     0 | D:1      | purpskrrrp the Naga Brigand began the quest for the Orb.
     0 | D:1      | Reached XP level 1. HP: 19/19 MP: 1/1
   154 | D:1      | Reached skill level 6 in Stealth
   257 | D:1      | Reached XP level 2. HP: 21/26 MP: 2/2
   404 | D:1      | Found Udwenni's Distillery.
   785 | D:1      | Found Miuffeun's Jewellery Shop.
  1168 | D:2      | Reached skill level 7 in Stealth
  1168 | D:2      | Reached XP level 3. HP: 32/32 MP: 3/3
  1486 | D:2      | Found a basalt altar of Yredelemnul.
  1569 | D:2      | Noticed Robin
  1600 | D:2      | Reached XP level 4. HP: 40/40 MP: 4/4
  1690 | D:2      | Reached skill level 8 in Stealth
  1740 | D:2      | Killed Robin
  1744 | D:2      | HP: 3/60 [poisoned by Robin]
  1969 | D:2      | Found a faded altar of an unknown god.
  1969 | D:2      | Noticed a red devil
  1980 | D:2      | Identified the +2 spear of Netahoim {drain, +Blink rCorr
                  | Str-4 Int+3}
  1996 | D:2      | Noticed Jessica
  1997 | D:2      | Killed Jessica
  1998 | D:2      | Reached XP level 5. HP: 46/46 MP: 5/5
  2261 | D:2      | Noticed an ogre
  2409 | D:4      | Reached skill level 9 in Stealth
  2473 | D:4      | Found a glowing drain.
  2488 | Sewer    | Entered a sewer
  2552 | Sewer    | Reached skill level 1 in Polearms
  2957 | Sewer    | Reached XP level 6. HP: 52/55 MP: 6/6
  3421 | D:5      | Entered Level 5 of the Dungeon
  3963 | D:3      | Found a stormy altar of Qazlal.
  4291 | D:3      | Reached XP level 7. HP: 62/62 MP: 7/7
  4306 | D:3      | Found Woywaria's Armour Shop.
  4498 | D:3      | Found a glowing golden altar of the Shining One.
  4574 | D:3      | Found an ancient bone altar of Kikubaaqudgha.
  4770 | D:2      | Reached skill level 10 in Stealth
  5424 | D:4      | Reached skill level 11 in Stealth
  5722 | D:4      | Reached XP level 8. HP: 54/69 MP: 8/8
  6249 | D:4      | Gained mutation: Your muscles are strong. (Str +4, Int/Dex
                  | -1) [potion of mutation]
  6249 | D:4      | Gained mutation: You occasionally lose the ability to read
                  | scrolls when taking damage. [potion of mutation]
  6342 | D:5      | Reached skill level 5 in Polearms
  6679 | D:5      | Noticed a wyvern
  6699 | D:5      | Reached skill level 12 in Stealth
  6809 | D:5      | Killed a wyvern
  6965 | D:5      | Found Vueschep's Distillery.
  6987 | D:5      | Found a shimmering blue altar of Sif Muna.
  7050 | D:5      | Found a radiant altar of Vehumet.
  7806 | D:6      | Reached XP level 9. HP: 73/78 MP: 9/9
  8428 | D:6      | Lost mutation: You occasionally lose the ability to read
                  | scrolls when taking damage. [potion of mutation]
  8428 | D:6      | Lost mutation: Your muscles are strong. (Str +4, Int/Dex
                  | -1) [potion of mutation]
  8428 | D:6      | Gained mutation: You have an increased reservoir of magic.
                  | (+10% MP) [potion of mutation]
  8428 | D:6      | Gained mutation: You have hidden genetic potential. [potion
                  | of mutation]
  8437 | D:6      | Learned a level 7 spell: Dragon Form
  9415 | D:7      | Reached skill level 13 in Stealth
  9883 | D:7      | Found a staircase to the Ecumenical Temple.
  9892 | Temple   | Entered the Ecumenical Temple
 10172 | Temple   | Became a worshipper of Fedhas Madash
 10455 | D:8      | Noticed Psyche
 10470 | D:8      | Killed Psyche
 10471 | D:8      | Reached skill level 5 in Fighting
 10471 | D:8      | Reached skill level 1 in Shields
 10538 | D:8      | Reached XP level 10. HP: 7/88 MP: 11/11
 10996 | D:8      | Paralysed by a hornet for 2 turns
 11005 | D:8      | Reached skill level 10 in Polearms
 11254 | D:9      | Gained mutation: You are covered in fur. (AC +1) [hidden
                  | potential]
 11556 | D:10     | Entered Level 10 of the Dungeon
 11759 | D:8      | Noticed Maurice
 11782 | D:8      | Killed Maurice
 11934 | D:8      | Reached * piety under Fedhas
 12226 | D:8      | Found an opulent altar of Gozag.
 12275 | D:8      | Found a hazy altar of Hepliaklqana.
 12728 | D:9      | Found Vakhlu's Elemental Accessories.
 13022 | D:9      | Reached skill level 14 in Stealth
 13315 | D:1      | Bought the necklace of Bloodlust {*Rage Will++ Int-3
                  | Slay+6} for 436 gold pieces
 13315 | D:1      | Found the necklace of Bloodlust {*Rage Will++ Int-3 Slay+6}
 13619 | D:9      | Paralysed by a hornet for 2 turns
 14021 | D:9      | Reached ** piety under Fedhas
 14303 | D:10     | Found a staircase to the Lair.
 14303 | D:10     | Noticed an oklob plant
 14536 | D:10     | Noticed Joseph
 14545 | D:10     | Killed Joseph
 14800 | D:10     | Reached XP level 11. HP: 98/98 MP: 12/12
 15164 | D:11     | Gained mutation: You have a pair of small antennae on your
                  | head. [hidden potential]
 15164 | D:11     | Lost mutation: You have hidden genetic potential. [hidden
                  | potential expressed]
 15192 | D:11     | Noticed a cyclops
 15195 | D:11     | Killed a cyclops
 15277 | D:11     | Found a shimmering altar of Xom.
 15357 | D:11     | Noticed a two-headed ogre
 15365 | D:11     | Killed a two-headed ogre
 15366 | D:11     | Reached skill level 15 in Stealth
 15655 | D:11     | Noticed a two-headed ogre
 15663 | D:11     | Killed a two-headed ogre
 16240 | D:12     | Found a transporter.
 16241 | D:12     | Noticed a cyclops
 16242 | D:12     | Noticed a seven-headed hydra
 16244 | D:12     | Noticed a fire crab
 16250 | D:12     | Killed a cyclops
 16276 | D:12     | Reached *** piety under Fedhas
 16280 | D:12     | Found a staircase to the Orcish Mines.
 16535 | D:12     | Killed a seven-headed hydra
 16696 | D:12     | Noticed a boulder beetle
 16706 | D:12     | Killed a boulder beetle
 16747 | D:12     | Noticed a deep elf pyromancer
 16755 | D:12     | Killed a deep elf pyromancer
 16964 | D:12     | Noticed a cyclops
 16969 | D:12     | Killed a cyclops
 16970 | D:12     | Reached skill level 16 in Stealth
 16975 | D:12     | Noticed a two-headed ogre
 16990 | D:12     | Killed a two-headed ogre
 16991 | D:12     | Reached XP level 12. HP: 110/110 MP: 13/13
 17084 | D:12     | Killed from afar by a manticore

Illustrated notes

Levels and vault maps discovered:
D:1:      reono_arrival_forest_river, layout_loops_corners, serial_shops, shop,
          shop_fountains
D:2:      layout_loops_ring, basic_altar,
          dreamdust_ecumenical_altar_sealed_demon, minmay_misc_feat_tiny,
          uniq_robin, uniq_jessica
D:3:      cheibrodos_old_hovel, layout_rooms, nicolae_qazlal_eye_of_the_storm,
          mainiacjoe_overflow_catwalk_spiral, serial_shops,
          nicolae_shop_statue_plus
D:4:      layout_rooms, cheibrodos_sewer_entry_bend, serial_bayou_pond_a,
          minivault_11, nicolae_concentric_dashed_squares_wild,
          minmay_tree_intersection, hangedman_abyss_or_decor_stabs,
          minmay_increasing_density
D:5:      layout_basic, mainiacjoe_overflow_catch_the_wave, serial_shops,
          kennysheep_mini_moat, nicolae_figureground_sparkle
D:6:      layout_basic
D:7:      layout_loops_cross, temple_hall, minmay_misc_feat_alley
D:8:      layout_loops_cross, nicolae_hepliaklqana_monster_ancestors,
          kennysheep_mini, enter_bailey_6, uniq_maurice, uniq_psyche
D:9:      layout_roguey, nicolae_elemental_shop
D:10:     layout_basic, dpeg_oklobed_lair, mrwooster_statue_mirror, uniq_joseph
D:11:     layout_loops_ring, xom_teletrap_fun
D:12:     gammafunk_cloud_chamber, layout_cross, hiddenorc2_lemuel,
          portal_ice_cave_demonic_guard, lemuel_flame_loot_1
Temple:   regret_index_temple_generic_petals

Skill      XL: |  1  2  3  4  5  6  7  8  9 10 11 12 |
---------------+-------------------------------------+-----
Stealth        | 6 7 8 9 11 12 13 14 16 | 16.3
Polearms       | 1 3 4 7 9 11 13 14 | 14.0
Fighting       | 3 4 5 6 7 |  7.8
Shields        | 1 2 |  2.4
Short Blades   | |  2.7
Throwing       | |  1.7
Dodging        | |  0.7
Evocations     | |  0.5

Action                   |  1- 3 |  4- 6 |  7- 9 | 10-12 || total
-------------------------+-------+-------+-------+-------++-------
Melee: Dagger            |    67 |    49 |       |       ||   116
       Rapier            |    12 |       |       |       ||    12
       Spear             |       |   189 |   264 |       ||   453
       Punch             |       |     2 |     3 |       ||     5
       Trident           |       |       |   103 |   352 ||   455
Throw: Dart              |     2 |    11 |       |       ||    13
 Abil: Spit Poison       |     1 |    11 |    58 |    34 ||   104
Evoke: Wand              |       |       |     5 |       ||     5
  Use: Scroll            |     2 |     8 |    15 |     2 ||    27
       Potion            |       |     4 |     4 |     2 ||    10
 Stab: Sleeping          |    15 |    13 |    13 |    13 ||    54
       Distracted        |       |     1 |     1 |     1 ||     3
Armor: Robe              |    26 |    89 |   146 |    75 ||   336
Dodge: Dodged            |    29 |   130 |   151 |    86 ||   396
Block: Buckler           |       |       |    26 |    43 ||    69

Table legend: (Time is in decaauts)
 A = Elapsed time spent in this place.
 B = Non-inter-level travel time spent in this place.
 C = Inter-level travel time spent in this place.
 D = Time resting spent in this place.
 E = Time spent auto-exploring this place.
 F = Levels seen in this place.
 G = Mean time per level.
                   A        B        C        D        E       F      G
               +--------+--------+--------+--------+--------+-----+--------+
         Total |  20731 |  17927 |   2804 |   5307 |   9076 |  14 | 1480.8 |
       Dungeon |  19209 |  16554 |   2655 |   4914 |   8744 |  12 | 1600.8 |
        Temple |    414 |    265 |    149 |      0 |    253 |   1 |  414.0 |
         Sewer |   1108 |   1108 |      0 |    393 |     79 |   1 | 1108.0 |
               +--------+--------+--------+--------+--------+-----+--------+

Top non-repeatable levels by time:
     D:9: 2210 daAuts
     D:5: 1927 daAuts
     D:8: 1863 daAuts
     D:2: 1847 daAuts
     D:4: 1751 daAuts
     D:1: 1629 daAuts
     D:7: 1546 daAuts
     D:6: 1416 daAuts
    D:11: 1394 daAuts
     D:3: 1357 daAuts
    D:10: 1296 daAuts
   Sewer: 1108 daAuts
    D:12: 968 daAuts
  Temple: 414 daAuts
